 Dungeon Crawl Stone Soup version 0.29.1-13-g9f3cf754e1 (webtiles) character file.

Game seed: 15746910128417636117

178 DemonSlayer the Digger (level 5, 0/35 HPs)
             Began as a Demonspawn Earth Elementalist on Jan 24, 2023.
             Slain by a scorpion (1 damage)
             ... on level 4 of the Dungeon.
             The game lasted 00:04:57 (2996 turns).

DemonSlayer the Digger (DsEE)                       Turns: 2996, Time: 00:04:57

Health: 0/35       AC:  7    Str: 10    XL:     5   Next: 32%
Magic:  7/10       EV: 11    Int: 17    God:
Gold:   96         SH:  5    Dex: 13    Spells: 2/10 levels left

rFire   . . .      SeeInvis .   a - +3 dagger (venom)
rCold   . . .      Faith    .   (no shield)
rNeg    . . .      Spirit   .   q - +0 leather armour
rPois   .          Reflect  +   (helmet restricted)
rElec   .          Harm     .   (no cloak)
rCorr   .          Rampage  .   (no gloves)
Will    .....                   (no boots)
Stlth   ++........              i - amulet of reflection
HPRegen 0.11/turn               e - +4 ring of protection
MPRegen 0.12/turn               (no ring)

@: lethally poisoned (0 -> -10)
A: hooves 1, horns 1, powered by death 1
a: no special abilities


You were on level 4 of the Dungeon.
You visited 1 branch of the dungeon, and saw 4 of its levels.

You collected 96 gold pieces.

Inventory:

Hand Weapons
 a - a +3 dagger of venom (weapon)
 o - a +0 spear of flaming
Missiles
 k - 3 curare-tipped darts
 p - 3 silver javelins
Armour
 q - a +0 leather armour (worn)
Jewellery
 e - a +4 ring of protection (left hand)
 i - an amulet of reflection (around neck)
Scrolls
 c - a scroll of vulnerability
 d - a scroll of enchant armour {unknown}
 g - a scroll of blinking {unknown}
 h - a scroll of teleportation {unknown}
 n - a scroll of enchant weapon {unknown}
Potions
 f - a potion of flight {unknown}
 j - a potion of attraction {unknown}
 l - a potion of resistance {unknown}
 m - 2 potions of brilliance {unknown}


   Skills:
 + Level 0.1 Fighting
 + Level 2.1 Dodging
 + Level 2.3 Stealth
 + Level 3.4 Spellcasting
 + Level 0.8 Transmutations
 + Level 4.2 Earth Magic


You had 2 spell levels left.
You knew the following spells:

 Your Spells              Type           Power      Damage    Failure   Level
a - Sandblast             Erth           34%        2d9       4%          1
b - Stone Arrow           Conj/Erth      20%        3d8       28%         3
c - Petrify               Tmut/Erth      11%        N/A       61%         4

Your spell library contained the following spells:

 Spells                   Type           Power      Damage    Failure   Level
 Passwall                 Tmut/Erth      9%         N/A       12%         2


Dungeon Overview and Level Annotations

Branches:
Dungeon (4/15)
 Temple: D:4-7

Altars:
Gozag
Trog
Vehumet
Wu Jian


Innate Abilities, Weirdness & Mutations

You have large cloven feet.
You have a pair of small horns on your head.
You regenerate a little health from kills.


Message History

Casting: Sandblast (safe; 4% risk of failure)
Confirm with . or Enter, or press ? or * to list all spells.
Aiming: Sandblast (safe; 4% risk of failure)
Press: ? - help, Shift-Dir - straight line, f/p - scorpion
Aim: a scorpion (moderately wounded, 82% to hit)
The blast of sand hits the scorpion.
The scorpion is heavily wounded.
You feel sick. You block the scorpion's attack. The scorpion stings you.
* * * LOW HITPOINT WARNING * * *
Casting: Sandblast (safe; 4% risk of failure)
Confirm with . or Enter, or press ? or * to list all spells.
Aiming: Sandblast (safe; 4% risk of failure)
Press: ? - help, Shift-Dir - straight line, f/p - scorpion
Aim: a scorpion (heavily wounded, 82% to hit)
The blast of sand hits the scorpion.
The scorpion is heavily wounded.
You feel sick. The scorpion barely misses you. x2
Unknown command.
Casting: Sandblast (safe; 4% risk of failure)
Confirm with . or Enter, or press ? or * to list all spells.
Aiming: Sandblast (safe; 4% risk of failure)
Press: ? - help, Shift-Dir - straight line, f/p - scorpion
Aim: a scorpion (heavily wounded, 82% to hit)
The blast of sand hits the scorpion.
The scorpion is severely wounded.
You feel sick. The scorpion stings you.
* * * LOW HITPOINT WARNING * * *
You are lethally poisoned!
The scorpion poisons you! The scorpion barely misses you.
Casting: Sandblast (safe; 4% risk of failure)
Confirm with . or Enter, or press ? or * to list all spells.
Aiming: Sandblast (safe; 4% risk of failure)
Press: ? - help, Shift-Dir - straight line, f/p - scorpion
Aim: a scorpion (severely wounded, 82% to hit)
The blast of sand hits the scorpion but does no damage.
The scorpion is severely wounded.
* * * LOW HITPOINT WARNING * * *
You feel very sick. The scorpion stings you.
You die...

#.# ..
##.####### #.###
#[.......#
.....##........#
...............#
...............#
......!........#
..........<....#
...†..s@.......#
...............#
...............#
......#..†.....#
.....###########
#####


You could see a scorpion.

Vanquished Creatures
  3 gnolls (D:3)
  9 adders
  A worm (D:2)
  3 dart slugs
  An orc (D:3)
  6 endoplasms
  2 giant cockroaches (D:1)
  5 goblins
  7 hobgoblins
  4 jackals
  2 quokkas
  5 ball pythons
  6 bats
  A frilled lizard (D:2)
  3 kobolds
  3 rats
61 creatures vanquished.

Notes
Turn   | Place    | Note
-------+----------+-------------------------------------------
     0 | D:1      | DemonSlayer the Demonspawn Earth Elementalist began the
                  | quest for the Orb.
     0 | D:1      | Reached XP level 1. HP: 13/13 MP: 3/3
   191 | D:1      | Reached skill level 3 in Earth Magic
   202 | D:1      | Found a faded altar of an unknown god.
   264 | D:1      | Discovered your monstrous ancestry.
   264 | D:1      | Gained mutation: You have large cloven feet. [demonic
                  | ancestry]
   264 | D:1      | Reached XP level 2. HP: 19/19 MP: 0/5
  1011 | D:2      | Reached XP level 3. HP: 24/24 MP: 2/6
  1551 | D:2      | Gained mutation: You regenerate a little health from kills.
                  | [demonic ancestry]
  1551 | D:2      | Reached XP level 4. HP: 17/30 MP: 3/8
  1556 | D:2      | Learned a level 3 spell: Stone Arrow
  1561 | D:2      | Learned a level 4 spell: Petrify
  2054 | D:3      | Reached skill level 4 in Earth Magic
  2133 | D:3      | Found an ornate altar of the Wu Jian Council.
  2133 | D:3      | Found an opulent altar of Gozag.
  2134 | D:3      | Found a radiant altar of Vehumet.
  2143 | D:3      | Found a bloodstained altar of Trog.
  2406 | D:3      | Gained mutation: You have a pair of small horns on your
                  | head. [demonic ancestry]
  2406 | D:3      | Reached XP level 5. HP: 35/35 MP: 5/10
  2996 | D:4      | HP: 1/35 [poisoned by a scorpion]
  2996 | D:4      | Slain by a scorpion

Illustrated notes

Levels and vault maps discovered:
D:1:      dpeg_arrival_ternary, layout_basic, shapermc_ecumenical_altar_pompeii,
          glass_columns_b
D:2:      layout_loops_corners, st_stairs_9
D:3:      minmay_angry_zag, layout_basic,
          chequers_temple_overflow_statue_of_worship
D:4:      layout_rooms, gammafunk_ghost_arena, sigmund_edmund_badplayer,
          uniq_sigmund

Skill      XL: |  1  2  3  4  5 |
---------------+----------------+-----
Earth Magic    | 3 4 |  4.2
Stealth        | 2 |  2.3
Spellcasting   | 3 |  3.4
Dodging        | 2 |  2.1
Fighting       | |  0.1
Transmutations | |  0.8

Action                   |  1- 3 |  4- 6 || total
-------------------------+-------+-------++-------
Melee: Unarmed           |     9 |       ||     9
       Short sword       |     3 |       ||     3
       Kick              |     1 |     1 ||     2
       Dagger            |       |     6 ||     6
       Headbutt          |       |     1 ||     1
 Cast: Sandblast         |    61 |    47 ||   108
  Use: Scroll            |     2 |       ||     2
       Potion            |       |     1 ||     1
Armor: Robe              |    12 |     1 ||    13
       Leather armour    |       |    10 ||    10
Dodge: Dodged            |    40 |    17 ||    57
Block: Other             |     6 |     8 ||    14
       Reflection        |     1 |       ||     1
